AoeStats
← EMPEROR98265292

Black Forest

508227618Analyzed
2v2 RM · 11d ago on Sep 21, 2026· 45m 31s· 4 players
Game mode
Random Map
Map size
Medium (4 player)
Population
200
Speed
Normal
Resources
Standard
Victory
Conquest
Starting age
Dark Age
Ending age
Imperial Age
RankedLock teamsTeams togetherTeam positionsShared explorationLock speedFull tech treeHidden civsTurbo modeCheats
Victory
Defeat
🇬🇧 Jurchens · United Kingdom
1611
+12
🇭🇰 Portuguese · Hong Kong SAR China
1363
+23
🇮🇳 Wu · India
1543
-18
🇮🇳 Dravidians · India
1498
-17
NarKofer
11:15 Feudal Age
17:54 Castle Age
16:53 Double-Bit Axe
22:09 Scale Barding Armor
22:16 Bloodlines
23:42 Husbandry
24:50 Chain Barding Armor
24:38 Horse Collar
31:49 Imperial Age
31:57 Imperial Age
31:51 Loom
32:03 Fletching
32:50 Bodkin Arrow
34:11 Plate Barding Armor
37:08 Elite Iron Pagoda
46:08 Conscription
Gemini 4.0 pro
1:04 Loom
13:35 Feudal Age
17:04 Castle Age
15:56 Fishing Lines
16:27 Double-Bit Axe
18:28 Bow Saw
21:01 Horse Collar
23:38 Wheelbarrow
22:57 Gillnets
27:08 Hand Cart
26:39 Town Watch
27:51 Gold Mining
27:52 Stone Mining
28:53 Heavy Plow
32:18 Imperial Age
30:10 Fletching
31:09 Stone Shaft Mining
32:15 Padded Archer Armor
32:11 Bodkin Arrow
32:18 Padded Archer Armor
32:26 Elite Skirmisher
33:07 Bracer
34:09 Chemistry
33:29 Ballistics
32:55 Treadmill Crane
33:56 Leather Archer Armor
34:27 Masonry
34:24 Siege Engineers
35:10 Ring Archer Armor
35:54 Scale Barding Armor
36:00 Forging
35:51 Husbandry
36:02 Bloodlines
35:13 Light Cavalry
36:49 Architecture
38:45 Guilds
39:16 Chain Barding Armor
39:32 Iron Casting
39:22 Conscription
39:25 Bombard Tower
40:43 Two-Man Saw
41:10 Arquebus
41:47 Plate Barding Armor
42:12 Blast Furnace
40:55 Cavalier
42:31 Coinage
44:10 Banking
43:53 Herbal Medicine
43:59 Circumnavigation
AP
0:46 Loom
10:34 Feudal Age
15:04 Castle Age
13:05 Double-Bit Axe
16:09 Bow Saw
22:39 Bow Saw
23:32 Horse Collar
23:51 Town Watch
25:52 Fishing Lines
27:35 Wheelbarrow
30:30 Hand Cart
32:57 Imperial Age
31:16 Gold Mining
31:27 Fletching
32:40 Ballistics
32:44 Bodkin Arrow
32:49 Padded Archer Armor
33:21 Thumb Ring
34:56 Chemistry
33:52 Elite Elephant Archer
34:35 Bracer
35:14 Medical Corps
34:49 Onager
35:36 Elite Skirmisher
38:44 Leather Archer Armor
EMPEROR98265292
0:34 Loom
12:12 Feudal Age
13:18 Feudal Age
18:18 Castle Age
16:07 Double-Bit Axe
16:43 Fishing Lines
19:25 Bow Saw
19:10 Fletching
20:06 Bodkin Arrow
20:53 Gillnets
23:44 Town Watch
24:04 Red Cliffs Tactics
25:29 Padded Archer Armor
29:42 Leather Archer Armor
30:54 Gold Mining
35:19 Imperial Age
36:10 Ballistics
36:03 Bracer
35:35 Elite Fire Archer
37:49 Chemistry
41:33 Horse Collar
42:54 Two-Man Saw
Connection lost

Rejoining the realm…

Still unreachable

The connection could not be restored.

Session expired

The server has moved on; the page needs a fresh start.